 Dungeon Crawl Stone Soup version 0.21.0-3-g78d12a8 (webtiles) character file.

95 HungrySpirit the Vexing (level 4, -1/23 HPs)
             Began as a Vine Stalker Arcane Marksman on Jan 8, 2018.
             Succumbed to a worker ant's poison
             ... on level 3 of the Dungeon.
             The game lasted 00:03:06 (2404 turns).

HungrySpirit the Vexing (VSAM)                      Turns: 2404, Time: 00:03:07

Health: -1/23      AC:  2    Str: 17    XL:     4   Next: 65%
Magic:  1/6        EV: 13    Int: 13    God:
Gold:   107        SH:  0    Dex: 16    Spells: 4/5 levels left

rFire    . . .     SeeInvis .   l - +0 dagger
rCold    . . .     Gourm    .   (no shield)
rNeg     . . .     Faith    .   e - +0 robe
rPois    .         Spirit   +   (no helmet)
rElec    .         Reflect  .   (no cloak)
rCorr    .         Harm     .   (no gloves)
MR       .....                  (no boots)
Stlth    +.........             (no amulet)
HPRegen  0.47/turn              (no ring)
MPRegen  0.10/turn              (no ring)

@: mighty, lethally poisoned (-1 -> -9), flying
A: fangs 2, regeneration 1, magic shield, antimagic bite, no potion heal 3, rot
immunity
a: no special abilities


You were on level 3 of the Dungeon.
You were not hungry.

You visited 1 branch of the dungeon, and saw 3 of its levels.

You collected 107 gold pieces.

Inventory:

Hand Weapons
 g - a +0 whip
 h - a +0 hunting sling of flaming
 l - a +0 dagger (weapon)
Missiles
 a - 104 stones (quivered)
 d - 26 sling bullets
Armour
 e - a +0 robe (worn)
Scrolls
 j - 3 scrolls of remove curse {unknown}
 k - a scroll of immolation {unknown}
 m - 3 scrolls of identify {unknown}
 n - a scroll of magic mapping {unknown}
 o - a scroll of enchant weapon {unknown}
Potions
 b - a potion of might
 i - 2 potions of curing {unknown}
Books
 c - a book of Debilitation

   Spells                             Type                      Level
   a - Corona                         Hexes                        1
   b - Slow                           Hexes                        2
   c - Inner Flame                    Hexes/Fire                   3
   d - Portal Projectile              Hexes/Translocation          3
   e - Cause Fear                     Hexes                        4
   f - Leda's Liquefaction            Hexes/Earth                  4
 p - a book of Cantrips

   Spells                             Type                      Level
   a - Confusing Touch                Hexes                        1
   b - Animate Skeleton               Necromancy                   1
   c - Summon Small Mammal            Summoning                    1
   d - Apportation                    Translocation                1
Comestibles
 f - 3 rations
 r - a chunk of flesh


   Skills:
 + Level 2.4 Fighting
 * Level 2.0 Short Blades
 - Level 1.7 Slings
 + Level 2.4 Dodging
 - Level 1.1 Spellcasting
 - Level 3.0 Hexes


You had 4 spell levels left.
You knew the following spells:

 Your Spells              Type           Power        Failure   Level  Hunger
a - Corona                Hex            #......      9%          1    ##.....


Dungeon Overview and Level Annotations

Branches:
Dungeon (3/15)

Altars:
Dithmenos


Innate Abilities, Weirdness & Mutations

You have extremely sharp teeth.
Your natural rate of healing is unusually fast.
When hurt, damage is shared between your health and your magic reserves.
Your bite disrupts and absorbs the magic of your enemies.
Potions cannot restore your health.
You are immune to rotting.


Message History

Your +0 hunting sling of flaming stops flaming.
l - a +0 dagger (weapon)
You hit the worker ant. You bite the worker ant. You drain its power.
You feel invigorated.
The worker ant is moderately wounded.
You feel sick. The worker ant bites you.
* * * LOW HITPOINT WARNING * * *
You are lethally poisoned!
The worker ant poisons you!
You closely miss the worker ant.
The worker ant is moderately wounded.
* * * LOW HITPOINT WARNING * * *
You feel sick. The worker ant closely misses you. The worker ant bites you.
* * * LOW HITPOINT WARNING * * *
You are more poisoned.
The worker ant poisons you!
It was a potion of flight.
You feel very buoyant.
You fly up into the air.
You die...

## #( ##(
.. #(
#a######
#(@....# #
######.# #.
#.# #.####
#.# #....#
#.#
#....###.#
#........#
#.##.######
#.....<#


You could see a worker ant.

Vanquished Creatures
  4 adders
  A worm (D:2)
  2 dart slugs
  2 leopard geckos
  3 orcs
  A bat skeleton (D:2)
  4 giant cockroaches
  2 goblins (D:1)
  4 hobgoblins
  2 jackals (D:2)
  A quokka (D:2)
  4 bats
  7 frilled lizards
  4 kobolds
  A quokka skeleton (D:2)
  8 rats
50 creatures vanquished.

Notes
Turn   | Place    | Note
-------+----------+-------------------------------------------
     0 | D:1      | HungrySpirit the Vine Stalker Arcane Marksman began the quest for the Orb.
     0 | D:1      | Reached XP level 1. HP: 9/9 MP: 3/3
    83 | D:1      | Reached skill level 1 in Fighting
   315 | D:1      | Reached XP level 2. HP: 14/14 MP: 4/4
   751 | D:1      | Reached XP level 3. HP: 14/18 MP: 5/5
  1252 | D:2      | Reached skill level 1 in Short Blades
  1404 | D:2      | Noticed an orc warrior
  1571 | D:2      | Found a shadowy altar of Dithmenos.
  1664 | D:2      | Gained mutation: Your natural rate of healing is unusually fast. [Vine Stalker growth]
  1664 | D:2      | Reached XP level 4. HP: 20/23 MP: 4/6
  2403 | D:3      | HP: 1/23 [worker ant (1)]
  2404 | D:3      | Succumbed to a worker ant's poison

Skill      XL: |  1  2  3  4 |
---------------+-------------+-----
Fighting       | 1 2 |  2.4
Dodging        | 2 |  2.4
Short Blades   | 1 2 |  2.0
Slings         | |  1.7
Spellcasting   | |  1.1
Hexes          | |  3.0

Action                   |  1- 3 |  4- 6 || total
-------------------------+-------+-------++-------
Melee: Dagger            |       |     2 ||     2
       Bite              |       |     1 ||     1
 Fire: Hunting sling     |   124 |    31 ||   155
  Use: Potion            |       |     2 ||     2
  Eat: Chunk             |     2 |     2 ||     4
Armor: Robe              |    14 |     2 ||    16
Dodge: Dodged            |    27 |     7 ||    34
